 Dungeon Crawl Stone Soup version 0.31.0-12-g77e489cdc1 (webtiles) character file.

Game seed: 15732232469842081604

502 Cheops the Changeling (level 7, 0/37 (40) HPs)
             Began as an Octopode Shapeshifter on Feb 23, 2024.
             Slain by a wight
             ... wielding a +0 battleaxe
              (6 damage)
             ... on level 3 of the Dungeon.
             The game lasted 00:09:30 (2640 turns).

Cheops the Changeling (Octopode Shapeshifter)       Turns: 2640, Time: 00:09:30

HP:   0/37 (40)     AC:  1    Str: 16    XL:     7   Next: 17%
MP:   7/7           EV: 17    Int: 12    God:
Gold: 136           SH:  0    Dex: 11    Spells: 6/6 levels left

rFire   . .          .
                       - Unarmed
rCold   + . .        (shield currently unavailable)
rNeg    . . .        (helmet restricted)
rPois   .            (no amulet)
rElec   .            k - ring of protection from cold
rCorr   .            p - ring of willpower
SInv    .            (no ring)
Will    +....        (no ring)
Stlth   +            (no ring)
HPRegen 0.26/turn    (no ring)
MPRegen 0.10/turn    (no ring)
                     (no ring)

%: no passive effects
@: flux-form, glowing, drained
A: glow, contaminating, reduced hp, almost no armour, amphibious, 8 rings,
camouflage 1, gelatinous body 1, (nimble swimmer 1), tentacles
a: Begin Untransformation


You were on level 3 of the Dungeon.
You were something dangerously unstable.
You visited 1 branch of the dungeon, and saw 4 of its levels.
You also visited: Sewer.

You collected 136 gold pieces.

Inventory:

Jewellery
 k - a ring of protection from cold (left tentacle)
 p - a ring of willpower (right tentacle)
Talismans
 b - a beast talisman
 c - a flux talisman (active)
Scrolls
 g - a scroll of revelation {unknown}
 h - 2 scrolls of poison {unknown}
 i - 3 scrolls of teleportation
 j - 2 scrolls of brand weapon {unknown}
 m - a scroll of blinking {unknown}
 n - a scroll of immolation {unknown}
 o - a scroll of enchant weapon {unknown}
 q - a scroll of butterflies {unknown}
 r - a scroll of noise {unknown}
 s - a scroll of vulnerability {unknown}
 t - a scroll of fog {unknown}
 u - a scroll of identify {unknown}
Potions
 a - a potion of lignification
 d - a potion of attraction {unknown}
 e - a potion of might {unknown}
 f - a potion of cancellation {unknown}
 l - a potion of berserk rage {unknown}
 v - a potion of ambrosia {unknown}


   Skills:
 - Level 1.0 Fighting
 - Level 2.0 Dodging
 - Level 5.0 Unarmed Combat
 + Level 6.3 Shapeshifting


You had 6 spell levels left.
You didn't know any spells.
Your spell library contained the following spells:

 Spells                   Type           Power      Damage    Failure   Level
 Slow                     Hex            0%         N/A       32%         1
 Scorch                   Fire           0%         2d5       45%         2
 Confusing Touch          Hex            0%         N/A       69%         3
 Gell's Gravitas          Tloc           0%         N/A       69%         3
 Hailstorm                Conj/Ice       0%         3d5       69%         3
 Sigil of Binding         Hex            0%         N/A       69%         3
 Summon Ice Beast         Ice/Summ       0%         N/A       69%         3
 Teleport Other           Tloc           0%         N/A       69%         3
 Vampiric Draining        Necr           0%         2d6       69%         3
 Flame Wave               Conj/Fire      0%         2d4       97%         4
 Dispersal                Tloc           0%         N/A       100%        6
 Sculpt Simulacrum        Ice/Alch       0%         N/A       100%        6
 Summon Cactus Giant      Summ           0%         N/A       100%        6


Dungeon Overview and Level Annotations

Branches:
Dungeon (4/15)              Sewer (visited)
 Temple: D:4-7

Altars:
Zin

Shops:
D:3 (


Innate Abilities, Weirdness & Mutations

You are something dangerously unstable.
You glow with magical radiation, making you easy to see and hit.
Foes you strike become dangerously contaminated with magical radiation.
Your maximum health is decreased, since you lack skill for your form.
You are incapable of wielding weapons or throwing items.
You cannot wear most types of armour.
You are amphibious.
You can wear up to eight rings at the same time.
Your skin changes colour to match your surroundings (Stealth+).
Your rubbery body absorbs attacks. (AC +1, EV +1)
((You are camouflaged when in or above water. (Stealth+)))
You have tentacles for arms and can constrict up to eight enemies at once.


Message History

There is a stone staircase leading down here.
Unknown command.
Unknown command.
The wight misses you.
The wight enters a dispersal trap!
The wight blinks! x2
You blink.
The wight blinks!
There is a stone staircase leading up here.
You swing at nothing.
You swing at nothing.
You swing at nothing.
You swing at nothing.
You swing at nothing.
You swing at nothing.
You swing at nothing.
You tentacle-slap the wight.
The wight begins to glow.
You grab the wight.
The wight is lightly damaged.
You constrict the wight, but do no damage.
The wight misses you.
You tentacle-slap the wight.
The wight glows dangerously bright.
You squeeze the wight, but do no damage.
The wight is lightly damaged.
You constrict the wight. The wight misses you.
You tentacle-slap the wight but do no damage.
The wight begins to glow.
You grab the wight. You constrict the wight.
You constrict the wight, but do no damage.
The wight hits you with a +0 battleaxe!
* * * LOW HITPOINT WARNING * * *
You feel drained.
* * * LOW HITPOINT WARNING * * *
The wight hits you with a +0 war axe!
* * * LOW HITPOINT WARNING * * *
You feel drained.
* * * LOW HITPOINT WARNING * * *
Unknown command.
Unknown command.
Unknown command.
You tentacle-slap the wight but do no damage.
The wight glows dangerously bright.
The wight is lightly damaged.
You constrict the wight. x2; The wight hits you with a +0 battleaxe.
You die...

#...............
##.........##....
##..........##....
#...........##....
#...........##....
#...........##....
#............#....
#.................
#p........###.)...
#zz.......##......
#.................
#.........#.))#...
#.........~~(~~...
##......#~~~~~~~#.
##......~~~~~~~..
####...~~~.~~~..
##..~~~~~~~..


You could see 2 wights.

Vanquished Creatures
  Pargi (Sewer)
  A kobold brigand (Sewer)
  A brain worm (Sewer)
  Crazy Yiuf (D:2)
  An orc wizard (D:3)
  Natasha (thrice) (D:2)
  3 gnolls (D:2)
  4 adders
  2 ribbon worms
  2 dart slugs
  4 orcs (D:3)
  5 bats
  4 endoplasms
  3 giant cockroaches
  7 goblins
  2 hobgoblins
  6 jackals
  7 kobolds
  2 quokkas
  7 ball pythons
  5 frilled lizards
  7 rats
78 creatures vanquished.

Notes
Turn   | Place    | Note
-------+----------+-------------------------------------------
     0 | D:1      | Cheops the Octopode Shapeshifter began the quest for the
                  | Orb.
     0 | D:1      | Reached XP level 1. HP: 13/13 MP: 1/1
   121 | D:1      | Reached XP level 2. HP: 18/18 MP: 2/2
   542 | D:1      | Reached XP level 3. HP: 21/23 MP: 3/3
   671 | D:2      | Noticed Natasha
   675 | D:2      | Killed Natasha
   690 | D:2      | Noticed Natasha
   696 | D:2      | Killed Natasha
   697 | D:2      | Reached skill level 5 in Unarmed Combat
   697 | D:2      | Reached XP level 4. HP: 16/28 MP: 4/4
   759 | D:2      | Found a glowing silver altar of Zin.
   901 | D:2      | Noticed Natasha
   906 | D:2      | Killed Natasha
  1081 | D:2      | Found a runed translucent door.
  1082 | D:2      | Noticed Crazy Yiuf
  1140 | D:2      | Reached XP level 5. HP: 33/33 MP: 5/5
  1299 | D:2      | Reached skill level 4 in Shapeshifting
  1719 | D:2      | Killed Crazy Yiuf
  1819 | D:3      | Found a glowing drain.
  1828 | Sewer    | Entered a sewer
  1904 | Sewer    | Reached skill level 5 in Shapeshifting
  1904 | Sewer    | Reached XP level 6. HP: 31/38 MP: 4/6
  1987 | Sewer    | Noticed Pargi
  1996 | Sewer    | Killed Pargi
  1997 | Sewer    | Reached skill level 6 in Shapeshifting
  1997 | Sewer    | Reached XP level 7. HP: 25/43 MP: 7/7
  2254 | D:3      | Found Dong's Antique Weapon Shop.
  2640 | D:3      | Slain by a wight

Illustrated notes

Levels and vault maps discovered:
D:1:      dpeg_arrival_windows_large_door, layout_basic, nrook_uturn
D:2:      layout_basic, basic_altar, nicolae_hexahallways, st_stairs_5,
          guppyfry_early_lair_pool, uniq_crazy_yiuf_cottage, uniq_natasha
D:3:      layout_rooms, cheibrodos_sewer_entry_drain, serial_shops,
          nicolae_shop_hallway_plus
D:4:      layout_cave_pools, mainiacjoe_overflow_divided_tiny

Skill      XL: |  1  2  3  4  5  6 |
---------------+-------------------+-----
Unarmed Combat | 4 5 |  5.0
Shapeshifting  | 5 6 |  6.3
Fighting       | |  1.0
Dodging        | |  2.0

Action                     |  1- 3 |  4- 6 |  7- 9 || total
---------------------------+-------+-------+-------++-------
  Melee: Unarmed           |    34 |    70 |    35 ||   139
         Constrict         |     8 |    17 |    12 ||    37
         Tentacles         |     5 |    17 |     6 ||    28
         Punch             |       |     3 |     3 ||     6
Ability: Begin Untransform |       |     1 |     2 ||     3
    Use: Scroll            |       |     1 |       ||     1
   Stab: Sleeping          |     3 |     7 |       ||    10
         Distracted        |     1 |     1 |       ||     2
 Armour: Skin              |    11 |    23 |    13 ||    47
  Dodge: Dodged            |    13 |    38 |    20 ||    71
   Form: Beast             |       |     1 |     1 ||     2
         Flux              |       |       |     1 ||     1
